 Dungeon Crawl Stone Soup version 0.30-a0-55-g90e3122c3a (webtiles) character file.

Game seed: 16525162630179370064

32 Newt the Trooper (level 3, 0/28 HPs)
             Began as a Demonspawn Gladiator on Sept 9, 2022.
             Slain by a rat (3 damage)
             ... on level 1 of the Dungeon.
             The game lasted 00:01:15 (877 turns).

Newt the Trooper (Demonspawn Gladiator)              Turns: 877, Time: 00:01:15

Health: 0/28       AC:  3    Str: 16    XL:     3   Next: 10%
Magic:  3/3        EV: 12    Int:  9    God:
Gold:   7          SH:  0    Dex: 14    Spells: 2/2 levels left

rFire   . . .      SeeInvis .    a - +0 rapier
rCold   . . .      Faith    .    (no shield)
rNeg    . . .      Spirit   .    b - +0 leather armour
rPois   .          Reflect  .    (helmet restricted)
rElec   .          Harm     .    (no cloak)
rCorr   .          Rampage  .    (no gloves)
Will    .....                    (no boots)
Stlth   ++........               (no amulet)
HPRegen 0.09/turn                (no ring)
MPRegen 0.08/turn                (no ring)

@: no status effects
A: antennae 1
a: no special abilities


You were on level 1 of the Dungeon.
You visited 1 branch of the dungeon, and saw 1 of its levels.

You collected 7 gold pieces.

Inventory:

Hand Weapons
 a - a +0 rapier (weapon)
 i - a +1 dagger of holy wrath
Missiles
 j - an atropa-tipped dart (quivered)
Armour
 b - a +0 leather armour (worn)
 c - a +0 helmet
Jewellery
 f - a +6 ring of dexterity
Scrolls
 k - a scroll of teleportation {unknown}
Potions
 g - a potion of flight


   Skills:
 + Level 2.8 Fighting
 - Level 2.6 Short Blades
 - Level 1.7 Throwing
 - Level 2.6 Dodging
 - Level 2.0 Stealth


You had 2 spell levels left.
You didn't know any spells.
Your spell library was empty.

Dungeon Overview and Level Annotations

Branches:
Dungeon (1/15)

Altars:


Innate Abilities, Weirdness & Mutations

You have a pair of small antennae on your head.


Message History

You cannot move.
You cannot move.
You start resting.
Your transformation is almost over.
You feel less wooden.
Your +0 leather armour unmelds from your body.
You start resting.
You sense a monster nearby.
You start resting.
Something unseen opens the door.
You start resting.
A goblin comes into view. It is wielding a +0 dagger.
A goblin is nearby!
The goblin shouts!
You barely miss the goblin. The goblin completely misses you.
You closely miss the goblin. The goblin barely misses you.
You closely miss the goblin. The goblin closely misses you.
You closely miss the goblin. The goblin hits you with a +0 dagger.
* * * LOW HITPOINT WARNING * * *
The goblin misses you.
You barely miss the goblin. The goblin hits you with a +0 dagger.
* * * LOW HITPOINT WARNING * * *
Throw: throwing net
Press: ? - help, Q - select action, (/) - cycle Shift-Dir - straight line, f - goblin
Aim: a goblin, wielding a +0 dagger (51% to hit)
You throw a throwing net.
The throwing net closely misses the goblin.
The goblin closely misses you.
Throw: 2 darts (atropa)
Press: ? - help, Q - select action Shift-Dir - straight line, f/p - goblin
Aim: a goblin, wielding a +0 dagger (51% to hit, chance to blind on hit: 100%)
You throw an atropa-tipped dart. The atropa-tipped dart hits the goblin.
The goblin appears confused.
Unknown command.
You catch the helpless goblin completely off-guard!
You puncture the goblin!
You kill the goblin!
You barely miss the rat. The rat barely misses you.
You barely miss the rat. The rat bites you.
You die...

.# ?# ## .. .#
####.##.####### ########
#
#.............####.......
#.#.#.##.#
###....#.######
###......#.####....#...#
#>.......†.##...#.######
#.#.....##(r@.###.#
#.....K#'#### #.#
.......... #.#
..........K ..#
..r......... ###
.............
......[.......


You could see a rat.

Vanquished Creatures
  4 bats (D:1)
  4 endoplasms (D:1)
  A giant cockroach (D:1)
  3 hobgoblins (D:1)
  A quokka (D:1)
  5 ball pythons (D:1)
  4 goblins (D:1)
  4 kobolds (D:1)
  4 rats (D:1)
30 creatures vanquished.

Notes
Turn   | Place    | Note
-------+----------+-------------------------------------------
     0 | D:1      | Newt the Demonspawn Gladiator began the quest for the Orb.
     0 | D:1      | Reached XP level 1. HP: 16/16 MP: 1/1
   233 | D:1      | Reached skill level 1 in Stealth
   401 | D:1      | Gained mutation: You have a pair of small antennae on your
                  | head. [demonic ancestry]
   401 | D:1      | Reached XP level 2. HP: 22/22 MP: 2/2
   824 | D:1      | Reached XP level 3. HP: 6/28 MP: 3/3
   877 | D:1      | Slain by a rat

Illustrated notes

Levels and vault maps discovered:
D:1:      roderic_dead_forest, layout_basic

Skill      XL: |  1  2 |
---------------+-------+-----
Stealth        | 1 2 |  2.0
Fighting       | |  2.8
Short Blades   | |  2.6
Throwing       | |  1.7
Dodging        | |  2.6

Action                   || total
-------------------------++-------
Melee: Rapier            ||    79
Throw: Throwing net      ||     3
       Javelin           ||     1
       Dart              ||     1
  Use: Potion            ||     2
 Stab: Sleeping          ||     3
       Invisible         ||     1
Armor: Leather armour    ||    25
       Skin              ||    11
Dodge: Dodged            ||    49

Table legend: (Time is in decaauts)
 A = Elapsed time spent in this place.
 B = Non-inter-level travel time spent in this place.
 C = Inter-level travel time spent in this place.
 D = Time resting spent in this place.
 E = Time spent auto-exploring this place.
 F = Levels seen in this place.
 G = Mean time per level.
                   A        B        C        D        E       F      G
               +--------+--------+--------+--------+--------+-----+--------+
         Total |    882 |    882 |      0 |     19 |    678 |   1 |  882.0 |
       Dungeon |    882 |    882 |      0 |     19 |    678 |   1 |  882.0 |
               +--------+--------+--------+--------+--------+-----+--------+

Top non-repeatable levels by time:
     D:1: 882 daAuts
